 Dungeon Crawl Stone Soup version 0.24.0-1-gfbc8707122 (webtiles) character file.

Game seed: 11179906664905309701, levelgen mode: deterministic

19 Destructed3 the Magician (level 2, -3/19 HPs)
             Began as a Mummy Ice Elementalist on Oct 26, 2019.
             Slain by a phantom (7 damage)
             ... on level 2 of the Dungeon.
             The game lasted 00:04:39 (1241 turns).

Destructed3 the Magician (Mummy Ice Elementalist)   Turns: 1241, Time: 00:04:40

Health: -3/19      AC:  3    Str: 11    XL:     2   Next: 55%
Magic:  0/7        EV: 12    Int: 14    God:
Gold:   79         SH:  0    Dex: 12    Spells: 6/9 levels left

rFire    x . .     SeeInvis .   i - +4 dagger
rCold    + . .     Gourm    .   (no shield)
rNeg     + + +     Faith    .   a - +0 robe
rPois    ∞         Spirit   .   e - +0 helmet
rElec    .         Reflect  .   (no cloak)
rCorr    .         Harm     .   (no gloves)
MR       .....                  (no boots)
Stlth    ++........             (no amulet)
HPRegen  0.06/turn              (no ring)
MPRegen  0.10/turn              (no ring)

@: very slightly contaminated
A: no food or potions, fire vulnerability, cold resistance 1, negative energy
resistance 3, torment resistance, unbreathing
a: no special abilities


You were on level 2 of the Dungeon.
You were not hungry.

You visited 1 branch of the dungeon, and saw 2 of its levels.

You collected 79 gold pieces.

Inventory:

Hand Weapons
 g - a +0 hunting sling
 h - a +0 whip
 i - a +4 dagger (weapon)
Missiles
 f - 13 poisoned darts (quivered)
 j - 25 stones
Armour
 a - a +0 robe (worn)
 e - a +0 helmet (worn)
 k - a +0 pair of gloves
Scrolls
 b - a scroll of magic mapping {unknown}
 c - a scroll of identify {unknown}
 d - 2 scrolls of noise {unknown}
 l - a scroll of amnesia {unknown}


   Skills:
 - Level 1.5 Dodging
 - Level 1.5 Stealth
 + Level 4.1 Spellcasting
 - Level 0.7 Conjurations
 - Level 2.4 Ice Magic


You had 6 spell levels left.
You knew the following spells:

 Your Spells              Type           Power        Failure   Level  Hunger
a - Freeze                Ice            #...         7%          1    N/A
b - Throw Frost           Conj/Ice       #.....       16%         2    N/A

Your spell library contained the following spells:

 Spells                   Type           Power        Failure   Level  Hunger
 Ozocubu's Armour         Chrm/Ice       #.......     34%         3    N/A
 Throw Icicle             Conj/Ice       #.......     69%         4    N/A
 Summon Ice Beast         Ice/Summ       #.......     75%         4    N/A

Dungeon Overview and Level Annotations

Branches:
Dungeon (2/15)

Altars:


Innate Abilities, Weirdness & Mutations

You do not eat or drink.
Your flesh is vulnerable to fire.
You are immune to poison.
Your flesh is cold resistant. (rC+)
You are immune to negative energy. (rN+++)
You are immune to unholy pain and torment.
You can survive without breathing.


Message History

Aim: a phantom The phantom completely resists.
You freeze the phantom but do no damage.
The phantom hits you but does no damage.
Casting: Freeze (safe; 7% risk of failure)
Confirm with . or Enter, or press ? or * to list all spells.
Aiming: Freeze (safe; 7% risk of failure)
Press: ? - help, Shift-Dir - straight line, f/p - phantom
Aim: a phantom The phantom completely resists.
You freeze the phantom but do no damage.
The phantom barely misses you.
Casting: Freeze (safe; 7% risk of failure)
Confirm with . or Enter, or press ? or * to list all spells.
You don't have enough magic to cast that spell.
Unknown command.
You hit the phantom.
The phantom is lightly damaged.
The phantom hits you!
You die...

##.#.#<## ..# # .
#.##.†..# ..#.#..
##.###..#
##..#....
##.#.#.# #.....#
##.##.### #...#
####.#.###...#
###....##...# #
#.......#...#....
#......W@........
#.#.....#.#.##.##
#.#........?.# #
#.###.###..#.# #
### #†.#.# #..#..
#..# #. #..#


You could see a phantom.

Vanquished Creatures
  A worm (D:2)
  A leopard gecko (D:2)
  A giant cockroach (D:1)
  3 hobgoblins (D:1)
  3 bats (D:1)
  A frilled lizard (D:1)
  2 goblins
  3 kobolds (D:1)
  A rat (D:1)
16 creatures vanquished.

Notes
Turn   | Place    | Note
-------+----------+-------------------------------------------
     0 | D:1      | Destructed3 the Mummy Ice Elementalist began the quest for
                  | the Orb.
     0 | D:1      | Reached XP level 1. HP: 13/13 MP: 4/4
   221 | D:1      | Reached skill level 3 in Spellcasting
   450 | D:1      | Reached XP level 2. HP: 5/19 MP: 0/6
   776 | D:1      | Learned a level 2 spell: Throw Frost
  1157 | D:2      | Reached skill level 4 in Spellcasting
  1220 | D:2      | Noticed a phantom
  1241 | D:2      | Slain by a phantom

Levels and vault maps discovered:
D:1:      giann_wishing_wells, layout_loops_cross, minmay_misc_feat_four_crosses
D:2:      layout_loops_ring, nicolae_overflow_crystal_walls,
          lemuel_doored_altar, old_standard_altar

Skill      XL: |  1  2 |
---------------+-------+-----
Spellcasting   | 3 4 |  4.1
Dodging        | |  1.5
Stealth        | |  1.5
Conjurations   | |  0.7
Ice Magic      | |  2.4

Action                   || total
-------------------------++-------
Melee: Unarmed           ||    24
       Dagger            ||     4
 Cast: Freeze            ||    24
       Throw Frost       ||     4
 Stab: Sleeping          ||     2
Armor: Robe              ||    27
Dodge: Dodged            ||    42
